 Dungeon Crawl Stone Soup version 0.29.0-10-g45618ea6d2 (webtiles) character file.

Game seed: 17554214473936981780

1470 nickcage the Spear-Bearer (level 8, -11/50 HPs)
             Began as a Merfolk Gladiator on Sept 1, 2022.
             Was a Follower of Hepliaklqana.
             Mangled by an ice beast (13 damage)
             ... on level 6 of the Dungeon.
             The game lasted 00:13:35 (6029 turns).

nickcage the Spear-Bearer (Merfolk Gladiator)       Turns: 6029, Time: 00:13:36

Health: -11/50     AC:  9    Str: 16    XL:     8   Next: 78%
Magic:  8/8        EV:  8    Int:  7    God:    Hepliaklqana [*.....]
Gold:   301        SH:  0    Dex: 16    Spells: 7/7 levels left

rFire   . . .      SeeInvis .   a - +0 trident
rCold   . . .      Faith    .   (no shield)
rNeg    . . .      Spirit   .   F - +0 chain mail
rPois   .          Reflect  .   c - +0 helmet
rElec   .          Harm     .   (no cloak)
rCorr   .          Rampage  .   (no gloves)
Will    .....                   (no boots)
Stlth   ..........              (no amulet)
HPRegen 0.16/turn               (no ring)
MPRegen 0.11/turn               (no ring)

@: mighty
A: reduced essence, (nimble swimmer 2), mertail
a: Renounce Religion, Recall Ancestor, Ancestor Identity


You were on level 6 of the Dungeon.
You worshipped Hepliaklqana.
Hepliaklqana was aware of your devotion.
You visited 1 branch of the dungeon, and saw 6 of its levels.
You also visited: Ossuary.

You collected 301 gold pieces.

Inventory:

Hand Weapons
 a - a +0 trident (weapon)
Missiles
 d - 5 throwing nets
 e - a javelin
 l - 11 poisoned darts (quivered)
Armour
 b - a +0 leather armour
 c - a +0 helmet (worn)
 h - a +0 ring mail
 o - a +0 scale mail
 F - a +0 chain mail (worn)
Wands
 J - a wand of flame (14)
Scrolls
 f - 5 scrolls of teleportation
 g - 3 scrolls of identify
 m - 2 scrolls of silence
 p - 5 scrolls of enchant armour {unknown}
 r - 4 scrolls of blinking {unknown}
 s - 4 scrolls of vulnerability {unknown}
 t - 2 scrolls of immolation {unknown}
 u - a scroll of torment {unknown}
 w - a scroll of magic mapping {unknown}
 y - a scroll of fear {unknown}
 A - a scroll of fog {unknown}
 H - a scroll of noise {unknown}
 I - a scroll of brand weapon {unknown}
Potions
 i - 5 potions of might
 j - a potion of heal wounds {unknown}
 k - 4 potions of curing {unknown}
 n - a potion of invisibility {unknown}
 q - 2 potions of haste {unknown}
 v - a potion of cancellation {unknown}
 x - 2 potions of lignification
 z - a potion of flight {unknown}
 B - a potion of degeneration {unknown}
 C - 3 potions of resistance {unknown}
 D - a potion of ambrosia {unknown}
 E - a potion of attraction {unknown}
 G - a potion of mutation {unknown}


   Skills:
 - Level 2.1 Fighting
 + Level 14.1 Polearms
 - Level 2.0 Throwing
 - Level 4.0 Dodging


You had 7 spell levels left.
You didn't know any spells.
Your spell library contained the following spells:

 Spells                   Type           Power      Damage    Failure   Level
 Blink                    Tloc           0%         N/A       100%        2
 Confusing Touch          Hex            0%         N/A       100%        3
 Cause Fear               Hex            0%         N/A       100%        4
 Manifold Assault         Tloc           0%         N/A       100%        5
 Yara's Violent Unravell  Hex/Tmut       0%         3d3       100%        5
 Dragon Form              Tmut           0%         N/A       100%        7
 Enfeeble                 Hex            0%         N/A       100%        7
 Storm Form               Tmut/Air       0%         N/A       100%        7
 Dragon's Call            Summ           0%         N/A       100%        9


Dungeon Overview and Level Annotations

Branches:
Dungeon (6/15)             Temple (0/1) D:4         Ossuary (visited)

Altars:
Dithmenos
Gozag
Hepliaklqana
Nemelex Xobeh
Okawaru
Sif Muna
Wu Jian
Yredelemnul

Shops:
D:1 (   D:5 !*??

Annotations:
D:1 glowbard288
D:5 3 runed translucent doors, Tollund's ghost, novice OpCj


Innate Abilities, Weirdness & Mutations

Your life essence is reduced to manifest your ancestor. (-10% HP)
((You are very nimble when in or above water. (Stealth+, EV+, Speed+++)))
Your lower body shifts to a powerful aquatic tail in water.


Message History

Failed to move towards target.
The ice beast attacks as you move away! The ice beast hits you.
The ice beast freezes you!
Robot hits the ice beast.
You are too injured to fight recklessly!
You are too injured to fight recklessly!
You are too injured to fight recklessly!
You are too injured to fight recklessly!
You hit the ice beast but do no damage.
The ice beast is lightly wounded.
You barely miss the ice beast.
The ice beast is lightly wounded.
The ice beast hits you. The ice beast freezes you!
* * * LOW HITPOINT WARNING * * *
Robot barely misses the ice beast.
You barely miss the ice beast.
The ice beast is lightly wounded.
The ice beast hits you but does no damage.
Robot barely misses the ice beast.
You closely miss the ice beast.
The ice beast is lightly wounded.
Robot hits the ice beast.
You barely miss the ice beast.
The ice beast is lightly wounded.
The ice beast hits you but does no damage.
Robot hits the ice beast.
You hit the ice beast.
The ice beast is moderately wounded.
You hit the ice beast.
The ice beast is moderately wounded.
The ice beast hits you.
* * * LOW HITPOINT WARNING * * *
The ice beast freezes you!
* * * LOW HITPOINT WARNING * * *
Robot misses the ice beast.
It was a potion of might.
You feel very mighty all of a sudden. The ice beast hits you.
* * * LOW HITPOINT WARNING * * *
The ice beast freezes you!
You die...

......)..)......# .....##.
..#####..#####..# ......
.....#..#......# ....#
....n#..#......# . ...
###..#..#..#######. ##.##
...J.#..#.†....#...##.<.#
.....#..#......#........###
.#####..#####..#.......##.##
...oo#..#...RY@##..#..†.#..##
.Y.oo#..#......#............#
###.o#..#..#######.........##
.....#..#...... ###...#####
oo...#..#...... ###...##
.#####..#####.. #..R###
....J#..# ###.### .....#..#
#.....## ###).#..# #.##...#


You could see the friendly Robot the ancestor and an ice beast (ally target).

Vanquished Creatures
  A sky beast (D:6)
  An ice beast (D:4)
  A black bear (D:6)
  An elf zombie (Ossuary)
  A gnoll sergeant (D:5)
  2 scorpions
  A howler monkey (D:5)
  3 jellies
  4 hounds
  3 iguanas
  2 orc wizards
  3 mummies (Ossuary)
  3 gnolls (D:5)
  9 adders
  3 ufetubi
  3 adder zombies (Ossuary)
  3 worms
  5 dart slugs
  12 orcs
  6 bats
  3 endoplasms
  3 giant cockroaches
  A goblin (D:1)
  8 hobgoblins
  3 jackals (D:1)
  A quokka (D:1)
  5 ball pythons
  2 frilled lizards
  3 goblin zombies (Ossuary)
  2 hobgoblin zombies (Ossuary)
  5 kobolds
  A kobold zombie (Ossuary)
  2 quokka zombies (Ossuary)
  6 rats
  4 rat zombies (Ossuary)
116 creatures vanquished.

Vanquished Creatures (collateral kills)
  A black bear (D:5)
  2 necrophages
  A jelly (D:5)
  An orc priest (D:5)
  A gnoll (D:5)
  An orc (D:5)
  A kobold zombie (Ossuary)
  A quokka zombie (Ossuary)
9 creatures vanquished.

Vanquished Creatures (others)
  2 ancestors
2 creatures vanquished.

Grand Total: 127 creatures vanquished

Notes
Turn   | Place    | Note
-------+----------+-------------------------------------------
     0 | D:1      | nickcage the Merfolk Gladiator began the quest for the Orb.
     0 | D:1      | Reached XP level 1. HP: 16/16 MP: 1/1
   242 | D:1      | Reached XP level 2. HP: 19/22 MP: 2/2
   364 | D:1      | Reached skill level 5 in Polearms
   725 | D:1      | Reached XP level 3. HP: 10/27 MP: 3/3
  1064 | D:1      | Found Soawabbei's Antique Weapon Boutique.
  1656 | D:2      | Reached skill level 6 in Polearms
  2024 | D:3      | Found an iron altar of Okawaru.
  2046 | D:3      | Reached XP level 4. HP: 25/33 MP: 4/4
  2224 | D:3      | Found a hazy altar of Hepliaklqana.
  2224 | D:3      | Found a shadowy altar of Dithmenos.
  2224 | D:3      | Found a basalt altar of Yredelemnul.
  2224 | D:3      | Found an ornate altar of the Wu Jian Council.
  2228 | D:3      | Became a worshipper of Hepliaklqana the Forgotten
  2234 | D:3      | Found a sparkling altar of Nemelex Xobeh.
  2234 | D:3      | Found a shimmering blue altar of Sif Muna.
  2499 | D:3      | Reached skill level 7 in Polearms
  2752 | D:3      | Reached XP level 5. HP: 37/38 MP: 5/5
  2897 | D:4      | Reached skill level 8 in Polearms
  3369 | D:4      | Reached XP level 6. HP: 40/44 MP: 6/6
  3378 | D:4      | Reached skill level 9 in Polearms
  3628 | D:4      | Found a staircase to the Ecumenical Temple.
  3919 | D:4      | Noticed an ice beast
  3928 | D:4      | Killed an ice beast
  3960 | D:4      | Reached * piety under Hepliaklqana
  4049 | D:5      | Entered Level 5 of the Dungeon
  4049 | D:5      | Found an opulent altar of Gozag.
  4055 | D:5      | Found a sand-covered staircase.
  4077 | Ossuary  | Entered an ossuary
  4088 | Ossuary  | Reached skill level 10 in Polearms
  4095 | Ossuary  | Reached XP level 7. HP: 26/45 MP: 5/7
  4499 | D:5      | Found a runed translucent gate.
  4499 | D:5      | Found a runed translucent gate.
  4499 | D:5      | Found a runed translucent gate.
  4501 | D:5      | Found an opulent altar of Gozag.
  4503 | D:5      | Noticed Tollund's ghost (novice OpCj)
  4505 | D:5      | Noticed a hornet
  4620 | D:5      | Found Saladghenn's Magic Scroll Shoppe.
  4623 | D:5      | Found Judoitui's Magic Scroll Shoppe.
  4624 | D:5      | Found Gikk's General Store.
  4626 | D:5      | Found Gyrac's Distillery.
  4697 | D:5      | Reached skill level 11 in Polearms
  5090 | D:5      | Reached skill level 12 in Polearms
  5090 | D:5      | Reached XP level 8. HP: 50/50 MP: 8/8
  5711 | D:6      | Reached skill level 13 in Polearms
  6006 | D:6      | Reached skill level 14 in Polearms
  6029 | D:6      | HP: 2/50 [ice beast (3)]
  6029 | D:6      | Mangled by an ice beast

Illustrated notes

Levels and vault maps discovered:
D:1:      minmay_arrival_split_and_join, layout_loops_ring, serial_shops, shop,
          nicolae_hexahallways, minmay_misc_feat_roman, roderic_serpentine_path
D:2:      layout_rooms
D:3:      layout_rooms, mainiacjoe_overflow_brackets,
          minmay_overflow_temple_hex, lemuel_another_geyser
D:4:      layout_cave_pools, minmay_temple_entry_antechambers,
          minmay_liquid_box, grunt_ministairs_8
D:5:      layout_gridville, nicolae_gozag_seed_capital,
          chequers_ossuary_entry_cave, ebering_ghost_gozag,
          minmay_shop_grid_forest, minmay_misc_feat_room
D:6:      kennysheep_windowed_halls, layout_cave_pools, lightli_corner_chamber

Skill      XL: |  1  2  3  4  5  6  7  8 |
---------------+-------------------------+-----
Polearms       | 5 6 7 8 10 12 14 | 14.1
Fighting       | |  2.1
Throwing       | |  2.0
Dodging        | |  4.0

Action                   |  1- 3 |  4- 6 |  7- 9 || total
-------------------------+-------+-------+-------++-------
Melee: Trident           |   152 |   149 |   237 ||   538
       Punch             |     4 |     1 |     1 ||     6
Throw: Dart              |     2 |    14 |     8 ||    24
Invok: Recall Ancestor   |       |     1 |       ||     1
       Ancestor Identity |       |       |     1 ||     1
  Use: Scroll            |       |     3 |       ||     3
       Potion            |       |       |     1 ||     1
 Stab: Sleeping          |     1 |       |       ||     1
       Distracted        |       |       |     3 ||     3
Armor: Leather armour    |     3 |       |       ||     3
       Scale mail        |    40 |    50 |       ||    90
       Ring mail         |     5 |       |       ||     5
       Chain mail        |       |     5 |    54 ||    59
Dodge: Dodged            |    77 |    59 |    36 ||   172
